 Dungeon Crawl Stone Soup version 0.26.0-10-g1f06aea511 (webtiles) character file.

Game seed: 2684969400800542530

19931 Borgoz the Carver (level 12, -4/106 HPs)
             Began as a Ghoul Gladiator on Jan 18, 2021.
             Was a Priest of Ashenzari.
             Killed by divine providence
             ... invoked by a meliai
              (13 damage)
             ... on level 11 of the Dungeon.
             The game lasted 00:20:02 (11874 turns).

Borgoz the Carver (Ghoul Gladiator)                Turns: 11874, Time: 00:20:02

Health: -4/106     AC: 23    Str: 19    XL:     12   Next: 74%
Magic:  11/11      EV: 10    Int:  3    God:    Ashenzari [***...]
Gold:   659        SH:  5    Dex: 14    Spells: 11/11 levels left

rFire    . . .     SeeInvis +   b - +2 scimitar (curse)
rCold    + . .     Faith    .   (no shield)
rNeg     + + +     Spirit   .   d - +0 plate armour
rPois    ∞         Reflect  +   y - +2 hat
rElec    .         Harm     .   q - +1 cloak
rCorr    +         Rampage  .   f - +2 pair of gloves
Will     .....                  x - +0 pair of boots
Stlth    ..........             e - amulet of reflection
HPRegen  0.00/turn              C - ring of resist corrosion
MPRegen  0.12/turn              (no ring)

@: about to teleport
A: claws 1, cold resistance 1, negative energy resistance 3, inhibited
regeneration, torment resistance, unbreathing
a: Renounce Religion, Curse Item, Scrying


You were on level 11 of the Dungeon.
You worshipped Ashenzari.
Ashenzari was most pleased with you.
You visited 2 branches of the dungeon, and saw 12 of its levels.
You also visited: Bailey.

You collected 739 gold pieces.
You spent 80 gold pieces at shops.

Inventory:

Hand Weapons
 b - a cursed +2 scimitar (weapon)
Missiles
 g - 2 throwing nets (quivered)
Armour
 d - a +0 plate armour (worn)
 f - a +2 pair of gloves (worn)
 q - a +1 cloak (worn)
 x - a +0 pair of boots (worn)
 y - a +2 hat (worn)
Jewellery
 e - an amulet of reflection (around neck)
 C - a ring of resist corrosion (left hand)
Wands
 k - a wand of acid (15)
 l - a wand of disintegration (15)
 n - a wand of flame (45)
 A - a wand of paralysis (11)
Scrolls
 i - 3 scrolls of blinking
 j - 4 scrolls of remove curse
 m - a scroll of fear
 o - a scroll of silence {unknown}
 p - 3 scrolls of enchant weapon
 r - 4 scrolls of fog
 t - 4 scrolls of teleportation
Potions
 a - a potion of heal wounds {unknown}
 c - 2 potions of might
 h - a potion of magic
 s - 4 potions of flight
 v - 4 potions of haste
 w - a potion of brilliance
 z - a potion of curing
 B - a potion of cancellation {unknown}


   Skills:
 + Level 9.9 Fighting
 * Level 11.6(14.2) Long Blades
 - Level 1.7 Throwing
 + Level 8.5 Armour
 + Level 9.1 Dodging


You had 11 spell levels left.
You didn't know any spells.
Your spell library contained the following spells:

 Spells                   Type           Power        Failure   Level
 Corona                   Hex            0%           100%        1
 Ensorcelled Hibernation  Hex/Ice        0%           100%        2
 Confusing Touch          Hex            0%           100%        3
 Dazzling Flash           Conj/Hex       0%           100%        3
 Tukima's Dance           Hex            0%           100%        3


Dungeon Overview and Level Annotations

Branches:
Dungeon (11/15)            Temple (1/1) D:6            Lair (0/6) D:11
 Bailey (visited)
    Orc: D:9-12

Altars:
Ashenzari
Cheibriados
Dithmenos
Elyvilon
Fedhas
Gozag
Hepliaklqana
Kikubaaqudgha
Makhleb
Nemelex Xobeh
Okawaru
Qazlal
Ru
Sif Muna
Trog
Uskayaw
Vehumet
Wu Jian
Xom
Yredelemnul
Zin
The Shining One

Shops:
D:4 (   D:6 (   D:9 (


Innate Abilities, Weirdness & Mutations

You thrive by killing the living.
You are immune to poison.
You have sharp fingernails.
Your flesh is cold resistant. (rC+)
You are immune to negative energy. (rN+++)
You do not regenerate when monsters are visible.
You are immune to unholy pain and torment.
You can survive without breathing.


Message History

As you read the scroll of teleportation, it crumbles to dust.
You feel strangely unstable. The meliai hits you with a +0 war axe.
You block the meliai's attack. The meliai barely misses you.
The meliai closely misses you.
The meliai calls down the wrath of its god upon you.
Something smites you!
* * * LOW HITPOINT WARNING * * *
The adder bites you but does no damage.
The meliai invokes the aid of its god against you.
Something smites you!
* * * LOW HITPOINT WARNING * * *
The meliai hits you but does no damage. The meliai closely misses you.
Okay, then.
Okay, then.
The meliai hits you with a +0 war axe.
* * * LOW HITPOINT WARNING * * *
The meliai stings you but does no damage.
The meliai mumbles some strange prayers to its god against you.
Something smites you!
You die... ....... ,,, , , , ## ** PPP

, * .## * *.P. ., #######
..### ##.#,.. .......
.†..# ###..#.# * ....... *
##..####...... .......
##.........#*
#####......., ,
#..........####..yyy......
..####..........@##S......
, /.# #.#.........#
...?... , ..#
#.#.........# ....... ..#
#...........# )...... ..#
#....######## #######*
..## #.##.#** ...###.##.^,
##.....####* #...#..# * *


You could see 3 meliai.

Vanquished Creatures
  2 two-headed ogres
  Pikel (D:4)
  An orc knight (Bailey)
  2 trolls (D:10)
  Grinder (D:5)
  Prince Ribbit (D:5)
  Sigmund (D:2)
  5 yaks (D:11)
  A basilisk (D:11)
  A wyvern (D:10)
  Eustachio (D:5)
  A water moccasin (D:6)
  Duvessa (D:4)
  15 orc warriors
  6 sky beasts
  A black bear (D:11)
  3 ice beasts
  5 ogres
  5 phantoms
  2 centaurs
  A big kobold (D:7)
  11 bullfrogs
  A gnoll sergeant (D:10)
  Dowan (D:4)
  3 scorpions
  3 killer bees (D:10)
  3 wights (D:10)
  4 electric eels
  A bullfrog zombie (D:11)
  2 centaur skeletons
  9 hounds
  6 orc wizards
  A bullfrog skeleton (D:7)
  A quasit (D:10)
  A jelly (D:6)
  Ijyb (D:4)
  3 iguanas
  4 orc priests
  Natasha (thrice) (D:4)
  12 worker ants
  2 hound zombies
  A hound skeleton (D:9)
  2 worker ant zombies
  A howler monkey zombie (D:6)
  8 gnolls
  15 adders
  2 shadow imps (D:7)
  3 white imps
  2 ufetubi
  An ooze (D:3)
  An adder zombie (D:4)
  2 adder skeletons
  A worm (D:2)
  4 dart slugs
  10 leopard geckos
  47 orcs
  4 bats
  6 giant cockroaches
  12 goblins
  9 hobgoblins
  8 jackals
  14 kobolds
  7 quokkas
  2 ball pythons
  5 frilled lizards
  3 jackal skeletons (D:4)
  6 rats
305 creatures vanquished.

Vanquished Creatures (others)
  A fungus (D:11)
  8 plants
9 creatures vanquished.

Grand Total: 314 creatures vanquished

Notes
Turn   | Place    | Note
-------+----------+-------------------------------------------
     0 | D:1      | Borgoz the Ghoul Gladiator began the quest for the Orb.
     0 | D:1      | Reached XP level 1. HP: 17/17 MP: 0/0
    94 | D:1      | Reached XP level 2. HP: 25/25 MP: 1/1
   128 | D:1      | Reached skill level 3 in Long Blades
   415 | D:1      | Found a broken altar of Ashenzari.
   495 | D:1      | Reached XP level 3. HP: 30/30 MP: 2/2
   837 | D:2      | Found a burning altar of Makhleb.
   847 | D:2      | Reached skill level 1 in Armour
   847 | D:2      | Reached XP level 4. HP: 22/37 MP: 3/3
  1071 | D:2      | Noticed a bullfrog
  1082 | D:2      | Killed a bullfrog
  1083 | D:2      | Reached skill level 4 in Long Blades
  1083 | D:2      | Reached XP level 5. HP: 34/45 MP: 4/4
  1168 | D:2      | Noticed Sigmund
  1518 | D:2      | Killed Sigmund
  1519 | D:2      | Reached XP level 6. HP: 48/52 MP: 5/5
  1539 | D:2      | Found an ornate altar of the Wu Jian Council.
  1811 | D:2      | Found a sparkling altar of Nemelex Xobeh.
  2112 | D:3      | Found a broken altar of Ashenzari.
  2133 | D:3      | Became a worshipper of Ashenzari the Shackled
  2164 | D:3      | Reached XP level 7. HP: 24/59 MP: 6/6
  2511 | D:3      | Found a blossoming altar of Fedhas.
  2625 | D:3      | Reached skill level 5 in Long Blades
  3238 | D:4      | Found Huhiec's Antique Weapon Boutique.
  3242 | D:4      | Noticed Natasha
  3266 | D:4      | Killed Natasha
  3286 | D:4      | Bought a scimitar for 80 gold pieces
  3309 | D:4      | Noticed Natasha
  3319 | D:4      | Killed Natasha
  3456 | D:4      | Noticed Natasha
  3462 | D:4      | Killed Natasha
  3466 | D:4      | Reached XP level 8. HP: 60/67 MP: 7/7
  3503 | D:4      | Found a shadowy altar of Dithmenos.
  3529 | D:4      | Noticed Ijyb
  3532 | D:4      | Noticed Pikel
  3559 | D:4      | Lost intelligence.
  3570 | D:4      | Killed Pikel
  3571 | D:4      | Reached skill level 5 in Fighting
  3571 | D:4      | Reached skill level 6 in Long Blades
  3586 | D:4      | Killed Ijyb
  3587 | D:4      | Reached skill level 5 in Dodging
  3908 | D:4      | Reached * piety under Ashenzari
  4088 | D:4      | Noticed Duvessa
  4088 | D:4      | Noticed Dowan
  4101 | D:4      | Killed Duvessa
  4107 | D:4      | Killed Dowan
  4339 | D:5      | Entered Level 5 of the Dungeon
  4373 | D:5      | Reached skill level 7 in Long Blades
  4373 | D:5      | Reached XP level 9. HP: 70/75 MP: 8/8
  4429 | D:5      | Noticed Eustachio
  4440 | D:5      | Killed Eustachio
  4614 | D:5      | Noticed Grinder
  4625 | D:5      | Killed Grinder
  4777 | D:5      | Noticed Prince Ribbit
  4791 | D:5      | Killed Prince Ribbit
  4792 | D:5      | Reached skill level 5 in Armour
  4859 | D:5      | Found a stormy altar of Qazlal.
  5078 | D:6      | Found a shimmering blue altar of Sif Muna.
  5304 | D:6      | Reached skill level 8 in Long Blades
  5308 | D:6      | Noticed a two-headed ogre
  5330 | D:6      | Killed a two-headed ogre
  5331 | D:6      | Reached XP level 10. HP: 49/86 MP: 9/9
  5775 | D:6      | Found Wocet's Antique Weapon Shop.
  5917 | D:6      | Found a sparkling altar of Nemelex Xobeh.
  6037 | D:6      | Found a staircase to the Ecumenical Temple.
  6060 | D:6      | Reached skill level 9 in Long Blades
  6363 | Temple   | Entered the Ecumenical Temple
  7033 | D:7      | Reached ** piety under Ashenzari
  8634 | D:9      | Found Daydaib's Weapon Boutique.
  9086 | D:10     | Entered Level 10 of the Dungeon
  9128 | D:10     | Reached XP level 11. HP: 32/94 MP: 10/10
  9145 | D:10     | HP: 3/94 [troll (7)]
  9151 | D:10     | Reached skill level 10 in Long Blades
  9308 | D:10     | Found a flagged portal.
  9363 | Bailey   | Entered a bailey
 10016 | Bailey   | Noticed an orc knight
 10017 | Bailey   | Identified the +6 quarterstaff "Pendulum" {spect, rF-
                  | Dex+4}
 10028 | Bailey   | Killed an orc knight
 10686 | D:10     | Found a shimmering altar of Xom.
 10687 | D:10     | Found a shimmering altar of Xom.
 10695 | D:10     | Found a shimmering altar of Xom.
 10695 | D:10     | Found a shimmering altar of Xom.
 11013 | D:10     | Reached *** piety under Ashenzari
 11027 | D:10     | Noticed a two-headed ogre
 11039 | D:10     | Killed a two-headed ogre
 11773 | D:11     | Reached skill level 11 in Long Blades
 11773 | D:11     | Reached XP level 12. HP: 106/106 MP: 11/11
 11867 | D:11     | Identified the +6 falchion of Waggewaoz {antimagic,
                  | *Corrode rF+ Int+7}
 11874 | D:11     | Killed from afar by a meliai

Illustrated notes

Levels and vault maps discovered:
D:1:      lightli_arrival_boilingwater, layout_loops_ring,
          chequers_serial_rivers_micro_d, ashenzari_altar_1
D:2:      layout_loops_ring, makhleb_heckhound_becter,
          overflow_temple_1_default, general_overflow_altar, uniq_sigmund
D:3:      layout_loops_cross, fedhas_altar_4, lemuel_crystal_altar
D:4:      minmay_bubble_buster, layout_basic, nicolae_dithmenos_the_darkroom,
          serial_shops, nicolae_shop_overgrown_old_shop,
          grunt_decor_mini_mirrors, uniq_duvessa, uniq_ijyb, uniq_pikel,
          uniq_natasha
D:5:      layout_gridville, grunt_qazlal_sundering, uniq_grinder,
          uniq_prince_ribbit1, uniq_eustachio
D:6:      layout_basic, lemuel_round_altar, minmay_temple_entry_grid,
          basic_altar, serial_shops, nicolae_shop_trees, minmay_liquid_box
D:7:      layout_basic, kennysheep_generic_room_2
D:8:      layout_cave_pods, serial_bayou, serial_bayou_shore_b,
          serial_bayou_pond_b, serial_bayou_pond_b, serial_bayou_pond_e
D:9:      layout_small_grid, serial_shops, shop
D:10:     layout_roguey, enter_bailey_5, xom_shifter_show
D:11:     layout_rooms, grunt_lair_entry_orc_guard_hut, orc_0_dummy,
          minmay_misc_feat_nine_boxes
Temple:   jpeg_temple_clearing

Skill      XL: |  1  2  3  4  5  6  7  8  9 10 11 |
---------------+----------------------------------+-----
Long Blades    | 3 4 5 7 8 9 11 | 11.6
Armour         | 1 2 3 4 5 6 8 |  8.5
Dodging        | 3 4 5 6 7 9 |  9.1
Fighting       | 3 4 5 7 8 9 |  9.9
Throwing       | |  1.7

Action                   |  1- 3 |  4- 6 |  7- 9 | 10-12 || total
-------------------------+-------+-------+-------+-------++-------
Melee: Long sword        |    61 |   135 |   135 |       ||   331
       Scimitar          |       |       |   265 |   704 ||   969
Throw: Throwing net      |       |     4 |       |     1 ||     5
Invok: Curse Item        |       |       |       |     1 ||     1
  Use: Scroll            |       |     6 |     9 |     9 ||    24
       Potion            |       |       |     8 |     4 ||    12
 Stab: Held in net/web   |       |     2 |       |     1 ||     3
       Invisible         |       |       |       |     3 ||     3
Armor: Leather armour    |    29 |    23 |       |       ||    52
       Plate armour      |       |    58 |   291 |   462 ||   811
Dodge: Dodged            |    41 |    62 |   165 |   259 ||   527
Block: Other             |     8 |    22 |   121 |   161 ||   312
       Reflection        |       |     1 |     1 |    13 ||    15
       Rpst.: Long sword |    17 |    21 |    16 |       ||    54
       Scimitar          |       |       |    31 |    66 ||    97
